 Dungeon Crawl Stone Soup version 0.31-a0-859-g9dce7d3444 (webtiles) character file.

Game seed: 8117898971673562819

8732 TheGamechu the Cleaver (level 11, 0/101 HPs)
             Began as a Hill Orc Fighter on Oct 9, 2023.
             Was a Follower of Beogh.
             Slain by an elephant (14 damage)
             ... on level 1 of the Lair of Beasts.
             The game lasted 00:21:19 (9423 turns).

TheGamechu the Cleaver (Hill Orc Fighter)           Turns: 9423, Time: 00:21:19

Health: 0/101      AC: 20    Str: 26    XL:     11   Next: 35%
Magic:  11/11      EV:  6    Int:  8    God:    Beogh [*.....]
Gold:   194        SH: 10    Dex: 14    Spells: 10/10 levels left

rFire   . . .        R - +0 broad axe (elec)
rCold   . . .        T - +0 kite shield
rNeg    . . .        I - +1 plate armour {rPois}
rPois   +            U - +0 helmet
rElec   .            O - +0 cloak
rCorr   +            n - +1 pair of gloves
SInv    .            (no boots)
Will    .....        (no amulet) Stlth
                     F - ring of resist corrosion
HPRegen 0.36/turn    G - +6 ring of strength
MPRegen 0.12/turn

%: no passive effects
@: hasted, very quick
A: no striking features
a: Renounce Religion


You were on level 1 of the Lair of Beasts.
You worshipped Beogh.
Beogh was aware of your devotion.
You visited 2 branches of the dungeon, and saw 11 of its levels.

You collected 563 gold pieces.
You spent 369 gold pieces at shops.

Inventory:

Hand Weapons
 R - a +0 broad axe of electrocution (weapon)
Missiles
 f - 2 curare-tipped darts
 h - 104 stones (quivered)
 i - a large rock
 w - a boomerang
 N - 11 poisoned darts
 Q - 6 atropa-tipped darts
Armour
 n - a +1 pair of gloves (worn)
 x - a scarf of shadows
 I - a +1 plate armour of poison resistance (worn)
 O - a +0 cloak (worn)
 T - a +0 kite shield (worn)
 U - a +0 helmet (worn)
Jewellery
 F - a ring of resist corrosion (left hand)
 G - a +6 ring of strength (right hand)
 P - a ring of protection from fire
 S - a ring of poison resistance
Wands
 a - a wand of iceblast (2)
 q - a wand of quicksilver (1)
 y - a wand of paralysis (7)
Scrolls
 c - a scroll of identify
 e - 2 scrolls of noise {unknown}
 j - 5 scrolls of amnesia
 k - 2 scrolls of fear
 l - 2 scrolls of immolation {unknown}
 m - a scroll of silence
 p - a scroll of blinking {unknown}
 r - 3 scrolls of teleportation {unknown}
 s - a scroll of torment {unknown}
 t - 4 scrolls of enchant armour
 u - 3 scrolls of fog {unknown}
 v - a scroll of summoning {unknown}
 B - a scroll of revelation
 D - a scroll of brand weapon {unknown}
 E - 2 scrolls of poison {unknown}
 J - a scroll of vulnerability {unknown}
 K - a scroll of enchant weapon {unknown}
 M - a scroll of acquirement {unknown}
Potions
 b - a potion of curing
 d - a potion of might
 g - a potion of lignification {unknown}
 o - 2 potions of enlightenment
 z - a potion of haste
 A - a potion of mutation {unknown}
 C - a potion of ambrosia {unknown}
 H - 3 potions of attraction {unknown}
 L - 2 potions of brilliance {unknown}


   Skills:
 + Level 10.8 Fighting
 + Level 11.3 Axes
 + Level 7.4 Throwing
 + Level 9.9 Armour
 + Level 5.9 Shields


You had 10 spell levels left.
You didn't know any spells.
Your spell library contained the following spells:

 Spells                   Type           Power      Damage    Failure   Level
 Cigotuvi's Dreadful Rot  Necr/Pois/Air  0%         N/A       100%        2
 Ensorcelled Hibernation  Hex/Ice        0%         N/A       100%        2
 Jinxbite                 Hex            0%         N/A       100%        2
 Scorch                   Fire           0%         2d5       100%        2
 Static Discharge         Conj/Air       0%         2-2/arc   100%        2
 Ignite Poison            Fire/Tmut/Pois 0%         N/A       100%        3
 Volatile Blastmotes      Fire/Tloc      0%         2d10      100%        3
 Airstrike                Air            0%         2d(0-16)  100%        4
 Anguish                  Hex/Necr       0%         N/A       100%        4
 Animate Armour           Summ/Erth      0%         N/A       100%        4
 Flame Wave               Conj/Fire      0%         2d4       100%        4
 Fulminant Prism          Conj/Hex       0%         3d5       100%        4
 Iskenderun's Mystic Bla  Conj/Tloc      0%         2d3       100%        4
 Summon Lightning Spire   Summ/Air       0%         N/A       100%        4
 Freezing Cloud           Conj/Ice/Air   0%         6-21      100%        5
 Lee's Rapid Deconstruct  Erth           0%         3d4*      100%        5
 Summon Cactus Giant      Summ           0%         N/A       100%        6


Dungeon Overview and Level Annotations

Branches:
Dungeon (10/15)            Temple (0/1) D:5            Lair (1/5) D:9
    Orc (0/2) D:9

Altars:
Kikubaaqudgha
Makhleb
Okawaru
Beogh

Shops:
D:1 =   D:5 *?(?*   D:7 =

Annotations:
D:6 1 runed translucent door


Message History

You slice the elephant!!
The elephant is moderately wounded.
You hit the elephant but do no damage.
The elephant tramples you but does no damage.
The elephant trunk-slaps you but does no damage.
You block the elephant's attack. The elephant trunk-slaps you.
You hit the elephant but do no damage.
The elephant is moderately wounded.
You hit the elephant but do no damage. The elephant tramples you!
* * * LOW HITPOINT WARNING * * *
You stumble backwards!
You slice the elephant!!
The elephant is heavily wounded.
You slash the elephant!
The elephant tramples you but does no damage.
The elephant trunk-slaps you.
* * * LOW HITPOINT WARNING * * *
The elephant barely misses you. You block the elephant's attack.
An elephant comes into view.
You feel better.
The elephant trumpets!
The elephant tramples you but does no damage.
The elephant trunk-slaps you but does no damage.
The elephant tramples you!
* * * LOW HITPOINT WARNING * * *
You stumble backwards!
You barely miss the elephant.
The elephant is heavily wounded.
You block the elephant's attack.
The elephant trunk-slaps you but does no damage.
The elephant tramples you.
* * * LOW HITPOINT WARNING * * *
You hold your ground!
The elephant trunk-slaps you but does no damage.
The elephant tramples you!
* * * LOW HITPOINT WARNING * * *
You stumble backwards!
Okay, then.
You feel yourself speed up. The elephant tramples you!
You die...

#.....................
#.....................
#..>..................
#.....................
#.....................
#.....................
#..............~~~~~~.
#..............~~~~~~.
#....@.........~~~~~~.
#...YY.........~~~~~~.
#.†..Y.........~~~~~~.
#..............~~~~~~.
#..<...........~~~~~~.
#...÷..........PP..~~.
#........Y....P.P.P.~.
#..............P♣P♣P..
#.............♣P♣♣♣♣P.


You could see 4 elephants.

Vanquished Creatures
  The ghost of BLEEG the Tainter, a novice OpVM of Hepliaklqana (D:6)
  An elephant (Lair:1)
  A cane toad (Lair:1)
  Maggie (D:9)
  A komodo dragon (D:9)
  Grinder (D:3)
  A hornet (D:9)
  A shadow (D:9)
  A wyvern (D:9)
  15 yaks
  A steam dragon (D:8)
  An acid dragon (D:8)
  3 water moccasins
  An ice beast (D:6)
  A sky beast (D:6)
  An orc warrior (D:9)
  4 black bears
  2 ogres
  2 centaurs
  2 phantoms (D:4)
  2 kobold brigands
  7 bullfrogs
  2 gnoll sergeants
  2 scorpions
  10 wights
  6 killer bees
  An electric eel (D:9)
  4 howler monkeys
  2 jellies (D:5)
  2 gnoll boudas
  Crazy Yiuf (D:7)
  5 hounds
  A sleepcap (D:7)
  Jessica (D:3)
  7 iguanas
  3 orc wizards
  12 gnolls
  5 adders
  A river rat (D:6)
  2 ufetubi
  A worm (D:6)
  3 dart slugs
  10 orcs
  6 ball pythons
  2 endoplasms
  4 giant cockroaches
  11 goblins
  3 hobgoblins
  13 jackals
  8 kobolds
  A quokka (D:3)
  A bat (D:2)
  5 frilled lizards
  7 rats
193 creatures vanquished.

Vanquished Creatures (others)
  An orc (D:8)
1 creature vanquished.

Grand Total: 194 creatures vanquished

Notes
Turn   | Place    | Note
-------+----------+-------------------------------------------
     0 | D:1      | TheGamechu the Hill Orc Fighter began the quest for the
                  | Orb.
     0 | D:1      | Reached XP level 1. HP: 19/19 MP: 1/1
   231 | D:1      | Found a roughly hewn altar of Beogh.
   238 | D:1      | Reached skill level 3 in Axes
   238 | D:1      | Reached XP level 2. HP: 18/27 MP: 2/2
   304 | D:1      | Found a faded altar of an unknown god.
   366 | D:1      | Found Uffisaa's Jewellery Shoppe.
  1015 | D:2      | Identified the +10 sling of the Little People {flame, Drain
                  | rElec Will- SInv}
  1090 | D:2      | Reached XP level 3. HP: 33/33 MP: 3/3
  1574 | D:3      | Noticed Jessica
  1584 | D:3      | Killed Jessica
  1585 | D:3      | Reached XP level 4. HP: 28/41 MP: 4/4
  1689 | D:3      | Noticed a black bear
  1899 | D:4      | Reached skill level 4 in Axes
  1899 | D:4      | Reached XP level 5. HP: 23/47 MP: 5/5
  2056 | D:4      | Reached skill level 1 in Throwing
  2278 | D:4      | Noticed a phantom
  2327 | D:3      | Noticed Grinder
  2332 | D:3      | Killed Grinder
  2333 | D:3      | Reached skill level 5 in Fighting
  2333 | D:3      | Reached skill level 5 in Axes
  2333 | D:3      | Reached skill level 5 in Armour
  2333 | D:3      | Reached XP level 6. HP: 56/56 MP: 6/6
  2594 | D:4      | Reached XP level 7. HP: 61/61 MP: 7/7
  3264 | D:5      | Entered Level 5 of the Dungeon
  3264 | D:5      | Found Wyoc's Antique Weapon Emporium.
  3398 | D:5      | Found a staircase to the Ecumenical Temple.
  3409 | D:5      | Reached skill level 6 in Axes
  3525 | D:5      | Found Siczall's Magic Scroll Shoppe.
  3533 | D:5      | Bought 3 scrolls of identify for 66 gold pieces
  3550 | D:5      | Found a transporter.
  3553 | D:5      | Found Vieloer's Assorted Antiques.
  3581 | D:5      | Reached XP level 8. HP: 69/71 MP: 8/8
  3590 | D:5      | Found a transporter.
  3609 | D:5      | Paralysed by an orc for 5 turns
  3718 | D:5      | Found Zuil's Magic Scroll Shop.
  3724 | D:5      | Bought a scroll of revelation for 75 gold pieces
  3729 | D:5      | Found Leuklog's Assorted Antiques.
  4172 | D:6      | Found a runed translucent door.
  4173 | D:6      | Noticed BLEEG's ghost (novice OpVM)
  4355 | D:6      | Reached skill level 7 in Axes
  4451 | D:6      | Found a runed translucent door.
  4647 | D:6      | Reached XP level 9. HP: 73/79 MP: 9/9
  5040 | D:7      | Reached skill level 8 in Axes
  5586 | D:7      | Reached skill level 5 in Throwing
  5706 | D:7      | Found Elleqim's Jewellery Boutique.
  5777 | D:7      | Found an iron altar of Okawaru.
  5876 | D:7      | Found a runed translucent door.
  5877 | D:7      | Noticed Crazy Yiuf
  5883 | D:7      | Killed Crazy Yiuf
  6233 | D:8      | Reached skill level 9 in Axes
  6455 | D:8      | Reached XP level 10. HP: 91/91 MP: 10/10
  6607 | D:8      | Became a worshipper of Beogh the Brigand
  6763 | D:5      | Bought a runed broad axe for 133 gold pieces
  6763 | D:5      | Bought a glowing ruby amulet for 95 gold pieces
  6830 | D:6      | Killed BLEEG's ghost
  6835 | D:6      | Reached skill level 10 in Axes
  7340 | D:9      | Found an ancient bone altar of Kikubaaqudgha.
  7365 | D:9      | Noticed Maggie
  7379 | D:9      | Killed Maggie
  7542 | D:9      | Found a staircase to the Orcish Mines.
  7584 | D:9      | Reached * piety under Beogh
  7609 | D:9      | Reached skill level 10 in Fighting
  7782 | D:9      | Found a staircase to the Lair.
  7912 | D:9      | Reached skill level 5 in Shields
  7917 | D:9      | Reached XP level 11. HP: 46/101 MP: 11/11
  8129 | D:9      | Found a burning altar of Makhleb.
  8237 | D:9      | Reached skill level 11 in Axes
  8578 | Lair:1   | Entered Level 1 of the Lair of Beasts
  8617 | D:10     | Entered Level 10 of the Dungeon
  9423 | Lair:1   | Slain by an elephant

Illustrated notes

Levels and vault maps discovered:
D:1:      matt_arrival_refuge, layout_loops_ring,
          hellmonk_ecumenical_altar_defaced_shrine, serial_shops,
          nicolae_shop_statue_plus, chequers_serial_rivers_micro_a
D:2:      layout_basic
D:3:      layout_rooms, uniq_jessica, uniq_grinder
D:4:      layout_basic
D:5:      layout_rooms, minmay_temple_entry_large_hall, serial_shops,
          nicolae_shop_waterfront, shop, nicolae_lakefront_shop,
          nicolae_shop_overgrown_old_shop, nicolae_shop_drivethru
D:6:      layout_basic, ebering_ghost_sewer_f
D:7:      layout_cave_pools, kennysheep_mini_moat, serial_shops, shop,
          uniq_crazy_yiuf_cottage
D:8:      layout_cave_pools
D:9:      layout_loops_cross, mainiacjoe_overflow_24_doors, bloody_makhleb,
          due_lair_maze_entry_diamond, orc_0_dummy, st_stairs_10,
          water_maze_lemuel, uniq_maggie
D:10:     layout_loops_corners, kennysheep_cluttered_room
Lair:1:   layout_gridlike, serial_forest, infiniplex_forest_clump_tiny,
          infiniplex_forest_clump_medium, infiniplex_forest_lined_2,
          infiniplex_forest_straight_4, infiniplex_forest_3_way,
          infiniplex_forest_clump_curved, infiniplex_forest_corner_1,
          minivault_25, lemuel_fruit_tree, infiniplex_staircase_pool_2

Skill      XL: |  1  2  3  4  5  6  7  8  9 10 11 |
---------------+----------------------------------+-----
Axes           | 3 4 5 6 7 9 10 11 | 11.3
Fighting       | 4 5 6 7 9 10 | 10.8
Armour         | 4 5 6 8 9 |  9.9
Shields        | 4 5 |  5.9
Throwing       | 2 3 4 5 7 |  7.4

Action                     |  1- 3 |  4- 6 |  7- 9 | 10-12 || total
---------------------------+-------+-------+-------+-------++-------
  Melee: War axe           |    71 |    90 |   298 |    13 ||   472
         Broad axe         |       |       |       |   168 ||   168
         Hand axe          |       |       |       |    39 ||    39
  Throw: Dart              |       |       |    19 |     3 ||    22
         Stone             |       |       |       |    15 ||    15
 Invoke: Convert to Beogh  |       |       |       |     1 ||     1
  Evoke: Wand              |       |     5 |       |       ||     5
    Use: Scroll            |       |       |     7 |     3 ||    10
         Potion            |       |       |     5 |     3 ||     8
 Armour: Scale mail        |    54 |     6 |       |       ||    60
         Chain mail        |       |    84 |   290 |   131 ||   505
         Plate armour      |       |       |       |   111 ||   111
  Dodge: Dodged            |    37 |    31 |   138 |    71 ||   277
  Block: Buckler           |    16 |    30 |    78 |    17 ||   141
         Kite shield       |       |       |       |    85 ||    85

Table legend: (Time is in decaauts)
 A = Elapsed time spent in this place.
 B = Non-inter-level travel time spent in this place.
 C = Inter-level travel time spent in this place.
 D = Time resting spent in this place.
 E = Time spent auto-exploring this place.
 F = Levels seen in this place.
 G = Mean time per level.
                   A        B        C        D        E       F      G
               +--------+--------+--------+--------+--------+-----+--------+
         Total |   9540 |   8944 |    596 |    952 |   5879 |  11 |  867.3 |
       Dungeon |   9023 |   8489 |    534 |    952 |   5568 |  10 |  902.3 |
          Lair |    517 |    455 |     62 |      0 |    310 |   1 |  517.0 |
               +--------+--------+--------+--------+--------+-----+--------+

Top non-repeatable levels by time:
     D:9: 1301 daAuts
     D:6: 1234 daAuts
     D:4: 1227 daAuts
     D:8: 1033 daAuts
     D:7: 950 daAuts
     D:1: 933 daAuts
     D:5: 859 daAuts
     D:2: 691 daAuts
  Lair:1: 517 daAuts
     D:3: 480 daAuts
    D:10: 310 daAuts
